 Dungeon Crawl Stone Soup version 0.17.0-26-gececa24 (webtiles) character file.

15138 4thArraOfDagon the Severer (level 11, -9/121 HPs)
             Began as a Minotaur Berserker on Nov 20, 2015.
             Was a High Priest of Trog.
             Killed from afar by a ynoxinul (20 damage)
             ... with an iron shot
             ... summoned by an orc high priest
             ... on level 4 of the Orcish Mines.
             The game lasted 00:26:08 (3858 turns).

4thArraOfDagon the Severer (Minotaur Berserker)     Turns: 3858, Time: 00:26:08

Health: -9/121     AC:  3    Str: 28    XL:     11   Next: 97%
Magic:  10/10      EV:  9    Int:  8    God:    Trog [*****.]
Gold:   1008       SH:  0    Dex: 10    Spells: 0 memorised, 10 levels left

rFire  . . .     SeeInvis .     q - +0 battleaxe
rCold  . . .     Clarity  .     F - +3 chain mail {rPois}
rNeg   . . .     SustAt   .     (shield currently unavailable)
rPois  +         Gourm    .     (helmet restricted)
rElec  .         Spirit   .     (no cloak)
rCorr  .         Warding  .     (no gloves)
rMut   .         Stasis   .     (no boots)
MR     +....                    j - amulet of regeneration
Stlth  ..........               (no ring)
                                f - ring of protection from magic

@: berserking, corroded equipment, very quick, somewhat resistant to hostile
enchantments, extremely unstealthy
A: retaliatory headbutt, hooves 1, horns 2, breathe flames 1, clever 1, frail 2
a: Berserk, Trog's Hand, Brothers in Arms, Burn Spellbooks, Renounce Religion,
Breathe Fire


You were on level 4 of the Orcish Mines.
You worshipped Trog.
Trog was extremely pleased with you.
You were not hungry.

You visited 2 branches of the dungeon, and saw 16 of its levels.
You also visited: Bailey.

You collected 1125 gold pieces.
You spent 117 gold pieces at shops.

Inventory:

Hand Weapons
 a - a +0 hand axe
 p - a +0 war axe
 q - a +0 battleaxe (weapon)
 y - a +0 blowgun
 J - a +3 vampiric hand axe
Missiles
 H - 5 exploding tomahawks (quivered)
 I - 2 throwing nets
Armour
 A - a +0 plate armour of cold resistance
 F - a +3 chain mail of poison resistance (worn)
Jewellery
 f - a ring of protection from magic (left hand)
 j - an amulet of regeneration (around neck)
 x - an uncursed amulet of warding
Wands
 l - a wand of disintegration (6)
 s - a wand of random effects (14)
 v - a wand of lightning (12)
Scrolls
 d - a scroll of recharging {unknown}
 e - a scroll of random uselessness {unknown}
 g - a scroll of immolation {unknown}
 h - a scroll of fear {unknown}
 k - 3 scrolls of enchant armour {unknown}
 r - a scroll of magic mapping {unknown}
 D - 3 scrolls of teleportation
 G - a scroll of enchant weapon {unknown}
Potions
 i - a potion of ambrosia
 m - 4 potions of might
 o - a potion of poison {unknown}
 t - a potion of haste {unknown}
 w - 3 potions of brilliance {unknown}
 z - 2 potions of curing {unknown}
 B - a potion of resistance {unknown}
 C - a potion of agility {unknown}
 E - 2 potions of beneficial mutation {unknown}
Comestibles
 b - a meat ration
 c - 4 bread rations
 n - a beef jerky
 u - 9 chunks of flesh


   Skills:
 - Level 11.0 Fighting
 * Level 16.4 Axes
 + Level 12.0 Armour
 - Level 2.1 Dodging


You had 10 spell levels left.
You didn't know any spells.

Dungeon Overview and Level Annotations

Branches:
Dungeon (12/15)               Orc (4/4) D:12            Elf (0/3) Orc:4
 Temple: D:4-7         Lair: D:8-11

Altars:
Elyvilon
Fedhas
Kikubaaqudgha
Yredelemnul
Beogh

Shops:
Orc:2 [**%

Annotations:
D:12 exclusion: upstairs


Innate Abilities, Weirdness & Mutations

You reflexively headbutt those who attack you in melee.
You have a pair of horns on your head.
You have large cloven feet.
You can breathe flames.
Your mind is acute. (Int +2)
You are very frail (-20% HP).


Message History

The ynoxinul is almost dead.
You closely miss the blue devil.
The blue devil is moderately wounded.
You hit the rust devil but do no damage.
The rust devil is moderately wounded.
You hit the orc warrior but do no damage.
You slice the orc priest!!
You feel the power of Trog in you as your rage grows.
You kill the orc priest!
Trog accepts your kill.
You slice the orc warrior!!
The orc warrior is almost dead.
The blue devil barely misses you.
The orc high priest hits you with a dire flail!
* * * LOW HITPOINT WARNING * * *
The orc warrior hits you with a scimitar!
* * * LOW HITPOINT WARNING * * *
The ynoxinul gestures at you. The iron shot hits you!
You die...

. .# ......## #.### #.
#...#..# ....## .#
##.........## #....###.#
#...#...#...#
#........###...........##
.........##....#5..#....#
.........##....o34......#
<........##....#@45#....#
.........##....o)o......#
......#..##....#...#....#
......(.(###...........##
#........# #...#.(.#...#
..# ....(....#
##.........## ...
.........# #..#...#(.#
... ...).)...#
##.......## #.#
..#.[)...# ###.#.###
##.##


You could see an orc high priest, a rust devil, a blue devil, a ynoxinul, 2 orc
warriors and 2 ufetubi.

Vanquished Creatures
  An orc warlord (Bailey)
  3 orc high priests (Orc:4)
  7 orc knights
  An ugly thing (D:12)
  The ghost of Turgon the Spear-Bearer, a novice OpGl of Trog (D:6)
  2 orc sorcerers
  A griffon (D:11)
  A centaur skeleton (D:11)
  A troll (Orc:2)
  A deep elf mage (D:11)
  A hippogriff (D:9)
  2 wargs (Orc:3)
  A sky beast (D:11)
  29 orc warriors
  2 ogres
  A centaur (D:12)
  3 giant frogs
  A gnoll sergeant (Orc:4)
  3 scorpions
  9 wights (D:8)
  A jelly (D:8)
  2 hounds
  34 orc priests
  3 giant frog skeletons
  An iguana (D:5)
  A gnoll shaman (D:5)
  A worker ant (D:5)
  10 orc wizards
  A worker ant zombie (D:5)
  14 gnolls
  3 adders
  An adder zombie (D:8)
  2 worms
  143 orcs
  2 giant cockroaches
  12 goblins
  4 hobgoblins
  3 jackals (D:6)
  12 kobolds
  A quokka (D:5)
  5 bats
  A giant newt (D:3)
  A rat (D:3)
329 creatures vanquished.

Vanquished Creatures (collateral kills)
  An orc high priest (Orc:4)
  An orc priest (Orc:4)
  2 orcs (Bailey)
4 creatures vanquished.

Grand Total: 333 creatures vanquished

Notes
Turn   | Place    | Note
--------------------------------------------------------------
     0 | D:1      | 4thArraOfDagon the Minotaur Berserker began the quest for the Orb.
     0 | D:1      | Reached XP level 1. HP: 19/19 MP: 0/0
   172 | D:2      | Reached XP level 2. HP: 27/27 MP: 1/1
   192 | D:2      | Reached skill level 4 in Axes
   307 | D:3      | Reached XP level 3. HP: 24/33 MP: 2/2
   369 | D:3      | Reached ** piety under Trog
   458 | D:5      | Entered Level 5 of the Dungeon
   555 | D:5      | Reached XP level 4. HP: 33/41 MP: 3/3
   587 | D:5      | Reached skill level 5 in Axes
   591 | D:5      | Reached XP level 5. HP: 47/47 MP: 4/4
   652 | D:5      | Reached skill level 5 in Fighting
   688 | D:5      | Reached skill level 6 in Axes
   706 | D:6      | Noticed an orc warrior
   736 | D:6      | Noticed Turgon's ghost (novice OpGl)
   753 | D:6      | Killed Turgon's ghost
   753 | D:6      | Reached skill level 7 in Axes
   753 | D:6      | Reached skill level 5 in Armour
   753 | D:6      | Reached XP level 6. HP: 38/57 MP: 5/5
   753 | D:6      | Reached XP level 7. HP: 41/62 MP: 6/6
   776 | D:5      | rip bud
   806 | D:6      | Killed an orc warrior
   811 | D:6      | Reached skill level 8 in Axes
   843 | D:6      | Found a blossoming altar of Fedhas.
   846 | D:6      | Found a white marble altar of Elyvilon.
   849 | D:6      | Found a basalt altar of Yredelemnul.
   852 | D:6      | Found an ancient bone altar of Kikubaaqudgha.
   996 | D:8      | Reached XP level 8. HP: 71/71 MP: 7/7
   999 | D:8      | Reached skill level 9 in Axes
  1195 | D:9      | Reached *** piety under Trog
  1228 | D:9      | Reached skill level 10 in Axes
  1246 | D:10     | Entered Level 10 of the Dungeon
  1280 | D:11     | Noticed a centaur skeleton
  1292 | D:11     | Killed a centaur skeleton
  1292 | D:11     | Reached XP level 9. HP: 77/81 MP: 8/8
  1383 | D:12     | Reached skill level 11 in Axes
  1384 | D:12     | Noticed a cyan ugly thing
  1394 | D:12     | Killed a cyan ugly thing
  1399 | D:12     | Gained mutation: You are frail (-10% HP). [mutagenic meat]
  1401 | D:12     | Gained mutation: Your mind is acute. (Int +2) [mutagenic meat]
  1493 | D:11     | Noticed a griffon
  1500 | D:11     | Killed a griffon
  1527 | D:12     | Reached skill level 12 in Axes
  1568 | D:12     | Gained mutation: You can breathe flames. [mutagenic meat]
  1569 | D:12     | Gained mutation: Your magical capacity is low (-10% MP). [mutagenic meat]
  1570 | D:12     | Lost mutation: Your magical capacity is low (-10% MP). [mutagenic meat]
  1571 | D:12     | Gained mutation: You are very frail (-20% HP). [mutagenic meat]
  1572 | D:12     | Gained mutation: You have large cloven feet. [mutagenic meat]
  1632 | D:12     | Noticed an orc knight
  1660 | D:12     | Killed an orc knight
  1723 | D:12     | Reached XP level 10. HP: 61/72 MP: 9/9
  1735 | D:12     | Found a staircase to the Orcish Mines.
  1736 | D:12     | Found a roughly hewn altar of Beogh.
  1741 | D:12     | Reached **** piety under Trog
  1757 | Orc:1    | Entered Level 1 of the Orcish Mines
  1899 | Orc:1    | Found a flagged portal.
  1915 | Bailey   | Entered a bailey
  1920 | Bailey   | Noticed an orc warlord
  1993 | Bailey   | Found a runed gate.
  1995 | Bailey   | Found a runed gate.
  2018 | Bailey   | Found a runed gate.
  2068 | Bailey   | Killed an orc warlord
  2068 | Bailey   | Reached skill level 10 in Fighting
  2068 | Bailey   | Reached skill level 13 in Axes
  2229 | Orc:2    | Noticed an orc sorcerer
  2311 | Orc:2    | Killed an orc sorcerer
  2313 | Orc:2    | Noticed an orc knight
  2364 | Orc:2    | Killed an orc knight
  2364 | Orc:2    | Reached skill level 10 in Armour
  2426 | Orc:2    | Found Xeplu's Food Shop.
  2450 | Orc:1    | Noticed an orc sorcerer
  2455 | Orc:1    | Reached skill level 14 in Axes
  2456 | Orc:1    | Reached ***** piety under Trog
  2458 | Orc:1    | Killed an orc sorcerer
  2522 | Orc:2    | Found Culyive's Assorted Antiques.
  2541 | Orc:2    | Bought a scroll labeled YPIACI ZER OPH for 30 gold pieces
  2541 | Orc:2    | Bought a scroll labeled DARIENG HEATOU for 30 gold pieces
  2541 | Orc:2    | Bought a scroll labeled YPIACI ZER OPH for 30 gold pieces
  2541 | Orc:2    | Bought a fuming white potion for 27 gold pieces
  2577 | Orc:2    | Found Gusa's Goods Gallery.
  2616 | Orc:2    | Reached XP level 11. HP: 76/80 MP: 10/10
  2678 | Orc:2    | Found Tulokell's Armour Emporium.
  2751 | Orc:3    | Received a gift from Trog
  2819 | Orc:4    | Entered Level 4 of the Orcish Mines
  2819 | Orc:4    | Found a roughly hewn altar of Beogh.
  2836 | Orc:3    | Noticed an orc warlord
  2904 | Orc:4    | Found a staircase to the Elven Halls.
  3044 | Orc:4    | Found a roughly hewn altar of Beogh.
  3246 | Orc:4    | Noticed an orc high priest
  3279 | Orc:4    | Killed an orc high priest
  3381 | Orc:4    | Reached skill level 15 in Axes
  3488 | Orc:4    | Noticed an orc high priest
  3493 | Orc:4    | Killed an orc high priest
  3551 | Orc:4    | Noticed an orc high priest
  3558 | Orc:4    | Killed an orc high priest
  3675 | Orc:4    | Reached skill level 16 in Axes
  3813 | Orc:4    | Reached ****** piety under Trog
  3813 | Orc:4    | Received a gift from Trog
  3821 | Orc:4    | Noticed an orc high priest
  3824 | Orc:4    | Noticed an ice devil
  3827 | Orc:4    | Killed an orc high priest
  3849 | Orc:4    | Noticed an orc high priest
  3858 | Orc:4    | Killed from afar by a ynoxinul

Action                   |  1- 3 |  4- 6 |  7- 9 | 10-12 || total
-------------------------+-------+-------+-------+-------++-------
Melee: Hand axe          |    42 |    44 |    13 |       ||    99
       War axe           |       |       |   158 |   104 ||   262
       Battleaxe         |       |       |       |   296 ||   296
Invok: Berserk           |     2 |     3 |     5 |    16 ||    26
       Trog's Hand       |       |     1 |     4 |     6 ||    11
       Brothers in Arms  |       |       |       |     2 ||     2
Evoke: Wand              |       |       |       |     2 ||     2
  Use: Scroll            |       |       |     3 |     1 ||     4
  Eat: Chunk             |     1 |     3 |    18 |    27 ||    49
       Beef jerky        |       |       |     1 |       ||     1
       Pizza             |       |       |       |     1 ||     1
